 Dungeon Crawl Stone Soup version 0.28.0-45-g0d030f2227 (webtiles) character file.

Game seed: 2384560718247158724

102 dohliylev the Stinger (level 4, -4/24 HPs)
             Began as a Gargoyle Venom Mage on May 10, 2022.
             Slain by a river rat (5 damage)
             ... while paralysed by Grinder
             ... on level 3 of the Dungeon.
             The game lasted 00:10:34 (2012 turns).

dohliylev the Stinger (Gargoyle Venom Mage)         Turns: 2012, Time: 00:10:35

Health: -4/24      AC:  5    Str: 12    XL:     4   Next: 78%
Magic:  8/8        EV:  2    Int: 17    God:
Gold:   75         SH:  0    Dex: 10    Spells: 3/9 levels left

rFire   . . .      SeeInvis .   h - +1 short sword (venom)
rCold   + . .      Faith    .   (no shield)
rNeg    + . .      Spirit   .   a - +0 robe
rPois   ∞          Reflect  .   (no helmet)
rElec   +          Harm     .   (no cloak)
rCorr   .          Rampage  .   (no gloves)
Will    .....                   (no boots)
Stlth   +.........              c - amulet of magic regeneration
HPRegen 0.08/turn               f - ring of protection from cold
MPRegen 0.51/turn               (no ring)

@: paralysed, very slow
A: sickness immunity, AC +3, negative energy resistance 1, electricity
resistance, torment resistance 1, petrification resistance
a: no special abilities


You were on level 3 of the Dungeon.
You visited 1 branch of the dungeon, and saw 3 of its levels.

You collected 75 gold pieces.

Inventory:

Hand Weapons
 h - a +1 short sword of venom (weapon)
Armour
 a - a +0 robe (worn)
Jewellery
 c - an amulet of magic regeneration (around neck)
 f - a ring of protection from cold (left hand)
Scrolls
 b - a scroll of identify {unknown}
 d - 2 scrolls of teleportation
 e - a scroll of blinking {unknown}
 g - a scroll of holy word {unknown}


   Skills:
 + Level 1.9 Dodging
 - Level 2.2 Stealth
 + Level 3.0 Spellcasting
 + Level 1.3 Transmutations
 + Level 1.0 Air Magic
 + Level 3.8 Poison Magic


You had 3 spell levels left.
You knew the following spells:

 Your Spells              Type           Power      Damage    Failure   Level
a - Sting                 Tmut/Pois      44%        1d5       6%          1
b - Poisonous Vapours     Pois/Air       20%        N/A       10%         2
c - Mephitic Cloud        Conj/Pois/Air  8%         N/A       26%         3

Your spell library contained the following spells:

 Spells                   Type           Power      Damage    Failure   Level
 Wereblood                Tmut           7%         N/A       16%         2
 Olgreb's Toxic Radiance  Pois           15%        N/A       34%         4
 Summon Hydra             Summ           1%         N/A       100%        7
 Sublimation of Blood     Necr           Unusable   N/A       N/A         2

Dungeon Overview and Level Annotations

Branches:
Dungeon (3/15)

Altars:
Kikubaaqudgha

Portals:
Sewer: D:3

Annotations:
D:3 Grinder


Innate Abilities, Weirdness & Mutations

You are immune to sickness and miasma.
Your stone body is resilient. (AC +3)
You are immune to poison.
You resist negative energy. (rN+)
You are resistant to electric shocks. (rElec)
You are resistant to unholy torment.
You are immune to petrification.


Message History

The hobgoblin appears confused.
The hobgoblin closely misses Grinder.
The river rat is engulfed in noxious fumes.
The river rat appears confused.
The river rat barely misses you. Grinder hits you but does no damage.
The rat is engulfed in noxious fumes.
The rat appears confused.
The rat barely misses the hobgoblin.
The rat bites itself.
The rat is killed!
Your Spellcasting skill increases to level 3!
Your Air Magic skill increases to level 1!
The hobgoblin is engulfed in noxious fumes.
The hobgoblin appears confused.
The hobgoblin grins madly.
The river rat is engulfed in noxious fumes.
The river rat appears confused.
The river rat barely misses you. x2
The rat barely misses you.
The river rat is engulfed in noxious fumes.
The river rat barely misses the rat.
The ball python bites you. Grinder hits you.
The hobgoblin hits the river rat.
You enter the shallow water.
Moving in this stuff is going to be slow.
The river rat bites the hobgoblin!
The hobgoblin is killed!
The ball python barely misses the rat.
The ball python bites the rat but does no damage.
The rat bites you but does no damage. Grinder gestures at you.
You suddenly lose the ability to move!
The ball python bites itself.
Grinder blinks!
The river rat barely misses you. The river rat bites you.
The river rat bites you. The rat bites you. The river rat bites you!
* * * LOW HITPOINT WARNING * * *
The river rat bites itself.
The river rat barely misses you. The rat bites you but does no damage.
The river rat bites you.
* * * LOW HITPOINT WARNING * * *
The rat bites you.
* * * LOW HITPOINT WARNING * * *
The ball python bites Grinder.
The river rat bites you.
You die...

#.# ..... #.##..$..
#........ #####
#........
########.†.###.#
#..............#
#..............#
#...≈rr.S..........
#..≈≈@≈5...?...###.#
#..≈≈∩≈r.........
#..≈≈≈≈≈..........
#...≈≈≈....#.#####.
#.............
#..........#.
##.#####.#.# #. .#..


You could see Grinder, 2 river rats, a ball python (confused) and a rat.

Vanquished Creatures
  3 gnolls (D:2)
  3 adders (D:2)
  A river rat (D:3)
  A worm (D:3)
  6 bats
  4 endoplasms
  A giant cockroach (D:2)
  4 goblins
  3 hobgoblins
  4 ball pythons (D:1)
  2 frilled lizards
  6 kobolds
  3 rats
41 creatures vanquished.

Notes
Turn   | Place    | Note
-------+----------+-------------------------------------------
     0 | D:1      | dohliylev the Gargoyle Venom Mage began the quest for the
                  | Orb.
     0 | D:1      | Reached XP level 1. HP: 10/10 MP: 3/3
   241 | D:1      | Reached XP level 2. HP: 6/15 MP: 0/5
   324 | D:1      | Reached skill level 1 in Transmutations
   500 | D:1      | Learned a level 2 spell: Poisonous Vapours
   520 | D:1      | Found a faded altar of an unknown god.
   925 | D:2      | Found an ancient bone altar of Kikubaaqudgha.
  1048 | D:2      | Reached XP level 3. HP: 19/19 MP: 3/6
  1621 | D:2      | Reached XP level 4. HP: 20/24 MP: 2/8
  1808 | D:2      | Learned a level 3 spell: Mephitic Cloud
  1826 | D:2      | Noticed a phantom
  1989 | D:3      | Noticed Grinder
  1991 | D:3      | Found a glowing drain.
  2003 | D:3      | Reached skill level 1 in Air Magic
  2006 | D:3      | Paralysed by Grinder for 7 turns
  2012 | D:3      | HP: 1/24 [rat (3)]
  2012 | D:3      | Slain by a river rat

Illustrated notes

Levels and vault maps discovered:
D:1:      dpeg_arrival_arbitrary_a, layout_rooms, basic_ecumenical_altar
D:2:      layout_basic, basic_altar, chequers_serial_rivers_large_b
D:3:      layout_basic, fedhas_altar_1, portal_sewer_entry_a, serial_shops,
          shop_fountains, kennysheep_potato, uniq_jessica, uniq_natasha,
          uniq_grinder

Skill      XL: |  1  2  3  4 |
---------------+-------------+-----
Transmutations | 1 |  1.3
Spellcasting   | 3 |  3.0
Air Magic      | 1 |  1.0
Dodging        | |  1.9
Stealth        | |  2.2
Poison Magic   | |  3.8

Action                   |  1- 3 |  4- 6 || total
-------------------------+-------+-------++-------
Melee: Unarmed           |    28 |       ||    28
       Short sword       |       |     7 ||     7
 Cast: Sting             |    36 |     9 ||    45
       Poisonous Vapours |    38 |     8 ||    46
       Mephitic Cloud    |       |     3 ||     3
  Use: Scroll            |       |     1 ||     1
 Stab: Confused          |       |     1 ||     1
       Sleeping          |       |     1 ||     1
Armor: Robe              |    23 |    11 ||    34
Dodge: Dodged            |    39 |    21 ||    60
